 Dungeon Crawl Stone Soup version 0.29-a0-857-g9b1aa3ac5b (webtiles) character file.

Game seed: 16368327258214568877

437 jimonade the Magician (level 6, -2/33 (35) HPs)
             Began as a Deep Elf Ice Elementalist on July 17, 2022.
             Slain by a wight
             ... wielding a +3 dagger
              (9 damage)
             ... on level 5 of the Dungeon.
             The game lasted 00:12:12 (4590 turns).

jimonade the Magician (Deep Elf Ice Elementalist)   Turns: 4590, Time: 00:12:13

HP:   -2/33 (35)    AC:  5    Str:  5    XL:     6   Next: 69%
MP:   12/17         EV: 13    Int: 28    God:
Gold: 190           SH:  0    Dex: 15    Spells: 11/18 levels left

rFire   . . .      SeeInvis .   x - +0 sling
rCold   . . .      Faith    .   (no shield)
rNeg    . . .      Spirit   .   a - +0 robe
rPois   .          Reflect  .   w - +0 helmet
rElec   .          Harm     .   (no cloak)
rCorr   .          Rampage  .   h - +0 pair of gloves
Will    .....                   C - +0 pair of boots
Stlth   ++........              (no amulet)
HPRegen 0.11/turn               q - +6 ring of intelligence
MPRegen 0.15/turn               (no ring)

@: drained
A: no striking features
a: no special abilities


You were on level 5 of the Dungeon.
You visited 1 branch of the dungeon, and saw 5 of its levels.

You collected 190 gold pieces.

Inventory:

Hand Weapons
 c - a +1 dagger of draining
 m - a +0 dagger of speed
 x - a +0 sling (weapon)
 y - a +0 quarterstaff
 B - a +0 whip
 D - a +0 trident
 E - a +0 dagger
 G - a +2 whip of electrocution
Missiles
 F - 10 poisoned darts
Armour
 a - a +0 robe (worn)
 g - a +0 leather armour
 h - a +0 pair of gloves (worn)
 w - a +0 helmet (worn)
 A - a +0 ring mail
 C - a +0 pair of boots (worn)
Magical Staves
 z - a staff of death
Jewellery
 q - a +6 ring of intelligence (left hand)
Scrolls
 f - a scroll of summoning {unknown}
 i - a scroll of blinking {unknown}
 l - 2 scrolls of identify {unknown}
 n - a scroll of poison {unknown}
 o - 3 scrolls of teleportation {unknown}
 s - 2 scrolls of brand weapon {unknown}
 u - a scroll of noise {unknown}
Potions
 b - a potion of magic
 d - a potion of brilliance {unknown}
 e - 2 potions of attraction {unknown}
 j - 2 potions of curing {unknown}
 k - a potion of mutation {unknown}
 p - a potion of degeneration {unknown}
 r - a potion of resistance {unknown}
 t - a potion of heal wounds {unknown}
 v - a potion of cancellation {unknown}


   Skills:
 * Level 1.8 Fighting
 + Level 0.7 Ranged Weapons
 + Level 3.3 Dodging
 - Level 2.4 Stealth
 * Level 6.7 Spellcasting
 + Level 5.9 Ice Magic
 * Level 1.4 Poison Magic


You had 11 spell levels left.
You knew the following spells:

 Your Spells              Type           Power      Damage    Failure   Level
a - Freeze                Ice            100%       1d11      1%          1
b - Frozen Ramparts       Ice            84%        1d10      1%          3
c - Ozocubu's Armour      Ice            42%        N/A       1%          3

Your spell library contained the following spells:

 Spells                   Type           Power      Damage    Failure   Level
 Ignite Poison            Fire/Tmut/Pois 12%        N/A       14%         3
 Mephitic Cloud           Conj/Pois/Air  12%        N/A       14%         3
 Portal Projectile        Hex/Tloc       18%        N/A       17%         3
 Tukima's Dance           Hex            9%         N/A       17%         3
 Hailstorm                Conj/Ice       26%        3d7       17%         4
 Freezing Cloud           Conj/Ice/Air   10%        6-21      56%         5
 Blade Hands              Tmut           4%         N/A       83%         5
 Dispersal                Tloc           4%         N/A       100%        6
 Disjunction              Tloc           4%         N/A       100%        8


Dungeon Overview and Level Annotations

Branches:
Dungeon (5/15)
 Temple: D:4-7

Altars:
Kikubaaqudgha
Okawaru
Uskayaw
Yredelemnul


Message History

The wight hits you but does no damage.
Fire: x) +0 sling
Press: ? - help, Q - select action, (/) - cycle Shift-Dir - straight line, f/p - wight
Aim: a wight, wielding a +3 dagger and wearing a +0 robe (moderately damaged, 54% to hit)
You shoot a sling bullet.
The sling bullet closely misses the wight.
The wight completely resists.
The wall freezes the wight but does no damage.
The wight resists.
The wall freezes the wight.
The wight resists.
The wall freezes the wight.
The wight hits you with a +3 dagger.
You feel drained.
The wight resists.
The wall freezes the wight.
The wight hits you but does no damage.
The wight resists.
The wall freezes the wight.
The wight resists.
The wall freezes the wight.
Fire: x) +0 sling
Press: ? - help, Q - select action, (/) - cycle Shift-Dir - straight line, f/p - wight
Aim: a wight, wielding a +3 dagger and wearing a +0 robe (heavily damaged, 54% to hit)
You shoot a sling bullet.
The sling bullet barely misses the wight.
The wight completely resists.
The wall freezes the wight but does no damage.
The wight completely resists.
The wall freezes the wight but does no damage.
The wight resists.
The wall freezes the wight.
The wight hits you with a +3 dagger.
Your icy armour and frozen ramparts will break if you move.
Continue?
Okay, then.
Your icy armour and frozen ramparts will break if you move.
Continue?
Your icy armour cracks and falls away as you move.
The frozen ramparts melt away as you move.
Things that are here:
a +0 trident; a +0 leather armour; an orc corpse
Things that are here:
a +0 whip; an orc corpse The wight attacks as you move away!
The wight hits you with a +3 dagger!
* * * LOW HITPOINT WARNING * * *
You feel drained.
* * * LOW HITPOINT WARNING * * *
There is a stone staircase leading up here.
The wight hits you with a +3 dagger!
You die...

.. #.
.########.#
..#.......#
#.#@#######
#.#z###...##
##.#z)......#
#...z.##.#...
#...........#
#...#.####..#
#####.####..#
#...zz..#
#####...#


You could see 3 wights.

Vanquished Creatures
  An ogre (D:4)
  A kobold brigand (D:4)
  A wight (D:5)
  A hound (D:5)
  An orc priest (D:5)
  An orc wizard (D:4)
  A gnoll (D:2)
  3 adders (D:2)
  An ufetubus (D:5)
  2 worms (D:2)
  3 dart slugs
  5 orcs
  5 ball pythons
  4 endoplasms
  3 giant cockroaches
  8 goblins
  8 hobgoblins
  A jackal (D:2)
  26 kobolds
  5 quokkas (D:2)
  8 bats
  3 frilled lizards
  8 rats
100 creatures vanquished.

Vanquished Creatures (others)
  71 plants (D:4)
71 creatures vanquished.

Grand Total: 171 creatures vanquished

Notes
Turn   | Place    | Note
-------+----------+-------------------------------------------
     0 | D:1      | jimonade the Deep Elf Ice Elementalist began the quest for
                  | the Orb.
     0 | D:1      | Reached XP level 1. HP: 10/10 MP: 6/6
   193 | D:1      | Reached XP level 2. HP: 12/16 MP: 5/8
   732 | D:1      | Reached skill level 1 in Fighting
  1033 | D:2      | Reached XP level 3. HP: 20/20 MP: 8/10
  1094 | D:2      | Reached skill level 4 in Spellcasting
  1416 | D:2      | Reached XP level 4. HP: 25/25 MP: 10/12
  1447 | D:2      | Learned a level 3 spell: Frozen Ramparts
  1451 | D:2      | Learned a level 3 spell: Ozocubu's Armour
  1530 | D:2      | Found a hide-covered altar of Uskayaw.
  1898 | D:2      | Reached skill level 5 in Ice Magic
  2575 | D:3      | Found a faded altar of an unknown god.
  2599 | D:3      | Reached skill level 5 in Spellcasting
  2717 | D:3      | Found a basalt altar of Yredelemnul.
  2937 | D:4      | Found an ancient bone altar of Kikubaaqudgha.
  2958 | D:4      | Reached XP level 5. HP: 26/29 MP: 7/14
  3038 | D:4      | Found an iron altar of Okawaru.
  3330 | D:4      | Noticed an ogre
  3336 | D:4      | Killed an ogre
  3337 | D:4      | Reached skill level 6 in Spellcasting
  3337 | D:4      | Reached skill level 1 in Poison Magic
  3895 | D:4      | Reached XP level 6. HP: 26/35 MP: 13/17
  4430 | D:5      | Entered Level 5 of the Dungeon
  4590 | D:5      | Slain by a wight

Illustrated notes

Levels and vault maps discovered:
D:1:      lightli_arrival_statuegarden, layout_basic
D:2:      minmay_razor_zed, layout_rooms, basic_altar,
          nicolae_kite_square_tiling_tiny
D:3:      layout_basic, mainiacjoe_overflow_surrounded_room,
          ebering_ecumenical_altar_box
D:4:      kennysheep_kobold_camp, layout_basic, kennysheep_okawaru_gauntlet,
          mainiacjoe_overflow_paths
D:5:      layout_loops_cross, chequers_big_river, minmay_hollow_rounded_squares

Skill      XL: |  1  2  3  4  5  6 |
---------------+-------------------+-----
Fighting       | 1 |  1.8
Spellcasting   | 4 5 6 |  6.7
Ice Magic      | 5 |  5.9
Poison Magic   | 1 |  1.4
Dodging        | 3 |  3.3
Ranged Weapons | |  0.7
Stealth        | |  2.4

Action                   |  1- 3 |  4- 6 || total
-------------------------+-------+-------++-------
Melee: Dagger            |    11 |    12 ||    23
 Fire: Sling             |       |    27 ||    27
 Cast: Freeze            |    44 |    57 ||   101
       Frozen Ramparts   |       |     9 ||     9
       Ozocubu's Armour  |       |     5 ||     5
 Stab: Sleeping          |     4 |     2 ||     6
       Distracted        |       |     1 ||     1
Armor: Robe              |     6 |    26 ||    32
Dodge: Dodged            |    16 |    47 ||    63

Table legend: (Time is in decaauts)
 A = Elapsed time spent in this place.
 B = Non-inter-level travel time spent in this place.
 C = Inter-level travel time spent in this place.
 D = Time resting spent in this place.
 E = Time spent auto-exploring this place.
 F = Levels seen in this place.
 G = Mean time per level.
                   A        B        C        D        E       F      G
               +--------+--------+--------+--------+--------+-----+--------+
         Total |   4597 |   4503 |     94 |    615 |   2929 |   5 |  919.4 |
       Dungeon |   4597 |   4503 |     94 |    615 |   2929 |   5 |  919.4 |
               +--------+--------+--------+--------+--------+-----+--------+

Top non-repeatable levels by time:
     D:4: 1504 daAuts
     D:2: 1171 daAuts
     D:1: 1018 daAuts
     D:3: 732 daAuts
     D:5: 170 daAuts
